 Dungeon Crawl Stone Soup version 0.31-a0-654-gbe3e110b4e (webtiles) character file.

Game seed: 4727295366329619575

716 dondy the Geomancer (level 7, -2/36 HPs)
             Began as a Gargoyle Earth Elementalist on Aug 29, 2023.
             Slain by an orc warrior
             ... wielding a +0 halberd
              (10 damage)
             ... on level 6 of the Dungeon.
             The game lasted 00:14:05 (5936 turns).

dondy the Geomancer (Gargoyle Earth Elementalist)   Turns: 5936, Time: 00:14:06

Health: -2/36      AC:  8    Str: 12    XL:     7   Next: 69%
Magic:  2/12       EV: 11    Int: 17    God:
Gold:   286        SH:  3    Dex: 10    Spells: 9/13 levels left

rFire   + . .        p - staff of fire
rCold   . . .        z - +0 buckler
rNeg    + . .        x - +0 robe {Will+}
rPois   ∞            (no helmet)
rElec   +            A - +0 cloak
rCorr   +            i - +0 pair of gloves
SInv    .            (no boots)
Will    +....        (no amulet)
Stlth   ++           t - ring of resist corrosion
HPRegen 0.26/turn    (no ring)
MPRegen 0.13/turn

%: no passive effects
@: no status effects
A: sickness immunity, AC +4, negative energy resistance 1, electricity
resistance, torment resistance 1, petrification resistance
a: no special abilities


You were on level 6 of the Dungeon.
You visited 1 branch of the dungeon, and saw 6 of its levels.

You collected 286 gold pieces.

Inventory:

Hand Weapons
 d - the +5 hand axe "Opiosapp" {flame, Fly rF+}
   (You found it on level 5 of the Dungeon)

   rF+:       It protects you from fire.
   Fly:       It grants you flight.
 j - a +2 whip of draining
Missiles
 k - 8 poisoned darts
 s - a boomerang
Armour
 i - a +0 pair of gloves (worn)
 x - a +0 robe of willpower (worn)
 z - a +0 buckler (worn)
 A - a +0 cloak (worn)
Magical Staves
 p - a staff of fire (weapon)
Jewellery
 t - a ring of resist corrosion (left hand)
Wands
 r - a wand of iceblast (1)
 y - a wand of flame (26)
Scrolls
 c - 3 scrolls of teleportation
 f - a scroll of fear
 h - a scroll of silence
 m - a scroll of brand weapon {unknown}
 o - 5 scrolls of enchant weapon
 q - a scroll of immolation {unknown}
 v - a scroll of fog {unknown}
Potions
 a - a potion of curing {unknown}
 b - 3 potions of magic
 e - 2 potions of might {unknown}
 g - a potion of brilliance {unknown}
 n - 3 potions of resistance
 u - a potion of cancellation {unknown}
 w - 2 potions of mutation {unknown}


   Skills:
 - Level 1.5 Dodging
 - Level 2.1 Stealth
 + Level 3.9 Spellcasting
 + Level 0.4 Conjurations
 - Level 0.7 Transmutations
 + Level 9.4 Earth Magic


You had 9 spell levels left.
You knew the following spells:

 Your Spells              Type           Power      Damage    Failure   Level
a - Sandblast             Erth           70%        2d15      1%          1
b - Stone Arrow           Conj/Erth      40%        3d9       9%          3

Your spell library contained the following spells:

 Spells                   Type           Power      Damage    Failure   Level
 Passwall                 Tmut/Erth      16%        N/A       4%          2
 Apportation              Tloc           6%         N/A       24%         1
 Necrotise                Necr           12%        1d4       24%         1
 Summon Small Mammal      Summ           12%        N/A       24%         1
 Petrify                  Tmut/Erth      20%        N/A       28%         4
 Call Canine Familiar     Summ           3%         N/A       56%         3
 Gell's Gravitas          Tloc           3%         N/A       56%         3
 Summon Guardian Golem    Hex/Summ       3%         N/A       56%         3
 Teleport Other           Tloc           3%         N/A       56%         3
 Tukima's Dance           Hex            3%         N/A       56%         3
 Passage of Golubria      Tloc           3%         N/A       93%         4
 Yara's Violent Unravell  Hex/Tmut       2%         3d3       99%         5
 Dispersal                Tloc           1%         N/A       100%        6


Dungeon Overview and Level Annotations

Branches:
Dungeon (6/15)
 Temple: D:4-7

Altars:
Elyvilon
Gozag
Kikubaaqudgha
Makhleb
Qazlal
Ru
Uskayaw

Shops:
D:1 (   D:4 *   D:6 !

Annotations:
D:1 1 exclusion
D:6 1 transporter, MrCrawl's ghost, novice TeFE


Innate Abilities, Weirdness & Mutations

You are immune to sickness and miasma.
Your stone body is resilient. (AC +4)
You are immune to poison.
You resist negative energy. (rN+)
You are resistant to electric shocks. (rElec)
You are resistant to unholy torment.
You are immune to petrification.


Message History

* * * LOW HITPOINT WARNING * * *
You feel much better.
The orc warrior hits you from afar with a +0 halberd!
* * * LOW HITPOINT WARNING * * *
Okay, then.
Casting: Sandblast (safe; 1% risk of failure)
Confirm with . or Enter, or press ? or * to list all spells.
Aiming: Sandblast (safe; 1% risk of failure)
Press: ? - help, Shift-Dir - straight line, f/p - orc warrior
Aim: an orc warrior, wielding a +0 halberd and wearing a +0 chain mail (heavily wounded, 82% to hit)
The blast of sand hits the orc warrior.
The orc warrior is severely wounded.
The orc warrior closely misses you.
Casting: Sandblast (safe; 1% risk of failure)
Confirm with . or Enter, or press ? or * to list all spells.
Aiming: Sandblast (safe; 1% risk of failure)
Press: ? - help, Shift-Dir - straight line, f/p - orc warrior
Aim: an orc warrior, wielding a +0 halberd and wearing a +0 chain mail (severely wounded, 82% to hit)
The blast of sand hits the orc warrior but does no damage.
The orc warrior is severely wounded.
The orc warrior hits you from afar with a +0 halberd.
* * * LOW HITPOINT WARNING * * *
The orc warrior closely misses you.
Casting: Sandblast (safe; 1% risk of failure)
Confirm with . or Enter, or press ? or * to list all spells.
Aiming: Sandblast (safe; 1% risk of failure)
Press: ? - help, Shift-Dir - straight line, f/p - orc warrior
Aim: an orc warrior, wielding a +0 halberd and wearing a +0 chain mail (severely wounded, 82% to hit)
The blast of sand hits the orc warrior but does no damage.
The orc warrior is severely wounded.
You block the orc warrior's attack.
Casting: Sandblast (safe; 1% risk of failure)
Confirm with . or Enter, or press ? or * to list all spells.
Aiming: Stone Arrow (dangerous; 9% risk of failure)
Press: ? - help, Shift-Dir - straight line, f/p - orc warrior
Aim: an orc warrior, wielding a +0 halberd and wearing a +0 chain mail (severely wounded, 68% to hit)
The stone arrow hits the orc warrior.
The orc warrior is almost dead.
The orc warrior hits you from afar with a +0 halberd!
You die...

##..#<# #.# ##########..#.#
#########.#. ............#.#
##...........
.##########.#.#
#............ .# #.#.#
#.).######### .# #.#.#
#..##W......#
###########.#.#
#o.#8W##.##.8 #
#.........#.#######..#5.##.#
.. #
#.####........@.o##..#T.....
.? # #.#
#.####..###....©#u...©.../ #
#.# #.# #..#
####..#........$ # #.# #.#
#..# #..#..##.# # #.# #.#
#..# #..#8.##.# # #.#
#.####..# #..##..... # #.#
#.......# #...######
###.####..####.# #.........
..........# #.# #.........


You could see an orc warrior.

Vanquished Creatures
  An ice beast (D:5)
  Blork the orc (D:5)
  A scorpion (D:5)
  An orc priest (D:6)
  A jelly (D:5)
  2 hounds (D:5)
  A sleepcap (D:5)
  3 iguanas
  8 adders
  8 gnolls
  An ufetubus (D:5)
  3 worms
  A dart slug (D:1)
  12 orcs
  10 ball pythons
  2 bats
  4 endoplasms
  2 giant cockroaches
  4 goblins
  8 hobgoblins
  8 jackals
  4 quokkas
  8 frilled lizards
  11 kobolds
  5 rats
110 creatures vanquished.

Notes
Turn   | Place    | Note
-------+----------+-------------------------------------------
     0 | D:1      | dondy the Gargoyle Earth Elementalist began the quest for
                  | the Orb.
     0 | D:1      | Reached XP level 1. HP: 10/10 MP: 3/3
    63 | D:1      | Reached skill level 4 in Earth Magic
   132 | D:1      | Reached XP level 2. HP: 15/15 MP: 0/5
   558 | D:1      | Reached XP level 3. HP: 19/19 MP: 4/6
   559 | D:1      | Reached skill level 5 in Earth Magic
   564 | D:1      | Learned a level 3 spell: Stone Arrow
   743 | D:1      | Found Tebeshux's Weapon Shoppe.
  1501 | D:2      | Reached XP level 4. HP: 24/24 MP: 3/7
  1797 | D:3      | Found a sacrificial altar of Ru.
  2060 | D:3      | Reached skill level 6 in Earth Magic
  2259 | D:3      | Found an opulent altar of Gozag.
  2305 | D:3      | Found a hide-covered altar of Uskayaw.
  2443 | D:3      | Reached XP level 5. HP: 28/28 MP: 1/8
  2911 | D:3      | Found a burning altar of Makhleb.
  3219 | D:4      | Reached skill level 7 in Earth Magic
  3308 | D:4      | Found a stormy altar of Qazlal.
  3370 | D:4      | Found an ancient bone altar of Kikubaaqudgha.
  3508 | D:4      | Found a white marble altar of Elyvilon.
  3685 | D:4      | Found Migui's Fire Supplies.
  4152 | D:4      | Reached skill level 8 in Earth Magic
  4152 | D:4      | Reached XP level 6. HP: 20/32 MP: 4/9
  4453 | D:5      | Entered Level 5 of the Dungeon
  4469 | D:5      | Identified the +5 hand axe "Opiosapp" {flame, Fly rF+}
  4750 | D:5      | Noticed Blork the orc
  4758 | D:5      | Killed Blork the orc
  4759 | D:5      | Reached XP level 7. HP: 26/36 MP: 5/11
  4877 | D:5      | Reached skill level 9 in Earth Magic
  5686 | D:6      | Found a transporter.
  5686 | D:6      | Noticed MrCrawl's ghost (novice TeFE)
  5688 | D:6      | Noticed a cyan ugly thing
  5744 | D:6      | Found Asko's Distillery.
  5852 | D:6      | Identified the +0 robe of Benevolence {rC- Regen+ rCorr
                  | Stlth+}
  5894 | D:6      | Noticed a troll
  5895 | D:6      | Noticed a shadow
  5936 | D:6      | Slain by an orc warrior

Illustrated notes

Levels and vault maps discovered:
D:1:      orjb1_clovarrival, layout_rooms, serial_shops, nicolae_shop_stone,
          due_unseen_surprise
D:2:      layout_loops_corners, st_stairs_1
D:3:      layout_basic, overflow_temple_1_default,
          nicolae_ru_sacrificial_ziggurat,
          nicolae_uskayaw_murder_on_the_dancefloor, grunt_gozag_breadcrumbs
D:4:      layout_cave_pods, elyvilon_altar_4, mainiacjoe_overflow_catwalk,
          nicolae_qazlal_scattered_showers, hex_tiny, nicolae_shop_fire_sale
          [nicolae_sub_dead_trees]
D:5:      layout_basic, uniq_blork_the_orc
D:6:      layout_loops_ring, general_overflow_altar,
          mainiacjoe_overflow_tiny_flanked, mainiacjoe_overflow_paths,
          gammafunk_ghost_arena, nicolae_inconvenience_store

Skill      XL: |  1  2  3  4  5  6  7 |
---------------+----------------------+-----
Earth Magic    | 4 5 6 8 9 |  9.4
Spellcasting   | 3 |  3.9
Dodging        | |  1.5
Stealth        | |  2.1
Conjurations   | |  0.4
Transmutations | |  0.7

Action                     |  1- 3 |  4- 6 |  7- 9 || total
---------------------------+-------+-------+-------++-------
  Melee: Unarmed           |     1 |       |       ||     1
   Cast: Sandblast         |    56 |   110 |    27 ||   193
         Stone Arrow       |       |       |     1 ||     1
    Use: Scroll            |       |     6 |       ||     6
         Potion            |       |       |     2 ||     2
 Armour: Robe              |     2 |     8 |     3 ||    13
  Dodge: Dodged            |     9 |    17 |     9 ||    35
  Block: Buckler           |       |       |     2 ||     2

Table legend: (Time is in decaauts)
 A = Elapsed time spent in this place.
 B = Non-inter-level travel time spent in this place.
 C = Inter-level travel time spent in this place.
 D = Time resting spent in this place.
 E = Time spent auto-exploring this place.
 F = Levels seen in this place.
 G = Mean time per level.
                   A        B        C        D        E       F      G
               +--------+--------+--------+--------+--------+-----+--------+
         Total |   6043 |   5934 |    109 |   1351 |   3752 |   6 | 1007.2 |
       Dungeon |   6043 |   5934 |    109 |   1351 |   3752 |   6 | 1007.2 |
               +--------+--------+--------+--------+--------+-----+--------+

Top non-repeatable levels by time:
     D:3: 1480 daAuts
     D:4: 1275 daAuts
     D:5: 1239 daAuts
     D:1: 903 daAuts
     D:2: 872 daAuts
     D:6: 270 daAuts
